Dernière mise à jour: 2025-12-07 16:11:59
% Time on Ice - SACRAMENTO BANDITS
Lines # - Real PCT - Wanted PCT - Time Play
Normal Forward
1 - 30% - 36% - 15:41
2 - 28% - 31% - 14:44
3 - 32% - 23% - 16:53
4 - 9% - 10% - 4:49
Normal Defense
1 - 32% - 36% - 16:50
2 - 34% - 31% - 17:49
3 - 29% - 23% - 15:14
4 - 4% - 10% - 2:14
PP Forward
1 - 0% - 55%
2 - 0% - 45%
PP Defense
1 - 0% - 55%
2 - 0% - 45%
PK Forward
1 - 71% - 55% - 4:11
2 - 29% - 45% - 1:43
PK Defense
1 - 53% - 55% - 3:08
2 - 47% - 45% - 2:46
PK3 Forward
1 - 0% - 55%
2 - 0% - 45%
PK3 Defense
1 - 0% - 55%
2 - 0% - 45%
44 Forward
1 - 49% - 55% - 0:58
2 - 51% - 45% - 1:01
44 Defense
1 - 49% - 55% - 0:58
2 - 51% - 45% - 1:01
Last Minute Offensive  - 0:00
Last Minute Defensive  - 0:00
Total
Forward - 60:00
Defense - 60:00
% Time on Ice - UTAH ICE BEARS
Lines # - Real PCT - Wanted PCT - Time Play
Normal Forward
1 - 35% - 35% - 18:07
2 - 36% - 35% - 18:37
3 - 25% - 25% - 13:11
4 - 4% - 5% - 2:12
Normal Defense
1 - 38% - 37% - 19:37
2 - 33% - 34% - 17:12
3 - 28% - 29% - 14:41
4 - 1% - 0% - 0:37
PP Forward
1 - 58% - 55% - 3:27
2 - 42% - 45% - 2:27
PP Defense
1 - 57% - 55% - 3:21
2 - 43% - 45% - 2:33
PK Forward
1 - 0% - 55%
2 - 0% - 45%
PK Defense
1 - 0% - 55%
2 - 0% - 45%
PK3 Forward
1 - 0% - 55%
2 - 0% - 45%
PK3 Defense
1 - 0% - 55%
2 - 0% - 45%
44 Forward
1 - 32% - 55% - 0:38
2 - 68% - 45% - 1:21
44 Defense
1 - 75% - 55% - 1:29
2 - 25% - 45% - 0:30
Last Minute Offensive  - 0:00
Last Minute Defensive  - 0:00
Total
Forward - 60:00
Defense - 60:00
Play-by-Play 1st period 0:01 of 1st period - Blake Wheeler wins face-off versus Evgeni Malkin in neutral zone. 0:25 of 1st period - Shot by Jakob Silfverberg. 0:25 of 1st period - Shot Misses the Net. 1:24 of 1st period - Icing by David Savard. 1:25 of 1st period - Casey Mittelstadt wins face-off versus Anthony Beauvillier in UTAH ICE BEARS zone. 2:25 of 1st period - Shot by Matias Maccelli. 2:25 of 1st period - Stopped by Matthew Murray without a rebound. 2:26 of 1st period - Dillon Dube wins face-off versus Andrew Mangiapane in SACRAMENTO BANDITS zone. 3:02 of 1st period - Shot by Matthew Beniers. 3:02 of 1st period - Stopped by Matthew Murray without a rebound. 3:03 of 1st period - Adam Gaudette wins face-off versus Morgan Frost in SACRAMENTO BANDITS zone. 3:11 of 1st period - Icing by Jordan Eberle. 3:12 of 1st period - Morgan Frost wins face-off versus Blake Wheeler in UTAH ICE BEARS zone. 3:19 of 1st period - Shot by Jordan Eberle. 3:19 of 1st period - Stopped by Matthew Murray with a rebound. 3:23 of 1st period - Shot by Matias Maccelli. 3:23 of 1st period - Stopped by Matthew Murray with a rebound. 3:33 of 1st period - Shot by Adam Gaudette. 3:33 of 1st period - Shot Misses the Net. 3:41 of 1st period - Shot by Jordan Eberle. 3:41 of 1st period - Shot Misses the Net. 3:43 of 1st period - Shot by Matias Maccelli. 3:43 of 1st period - Stopped by Matthew Murray without a rebound. 3:44 of 1st period - Evgeni Malkin wins face-off versus Danil Gushchin in SACRAMENTO BANDITS zone. 3:58 of 1st period - Minor Penalty to Matthew Tkachuk for Holding. 3:58 of 1st period - Minor Penalty to Antti Tuomisto for Hooking. 3:59 of 1st period - Blake Wheeler wins face-off versus Lucas Raymond in SACRAMENTO BANDITS zone. 4:12 of 1st period - Shot by Blake Wheeler. 4:12 of 1st period - Goal by Blake Wheeler - SACRAMENTO BANDITS : 1 - UTAH ICE BEARS : 0. 4:13 of 1st period - Evgeni Malkin wins face-off versus Jakob Silfverberg in neutral zone. 4:18 of 1st period - Shot by Lucas Raymond. 4:18 of 1st period - Shot Blocked by Anthony Beauvillier. 4:20 of 1st period - Shot by MacKenzie Weegar. 4:20 of 1st period - Stopped by Matthew Murray without a rebound. 4:21 of 1st period - Casey Mittelstadt wins face-off versus Corey Perry in SACRAMENTO BANDITS zone. 6:00 of 1st period - Shot by Anthony Beauvillier. 6:00 of 1st period - Shot Misses the Net. 6:02 of 1st period - Shot by Dillon Dube. 6:02 of 1st period - Shot Blocked by Jordan Eberle. 6:04 of 1st period - Shot by Dillon Dube. 6:04 of 1st period - Goal by Dillon Dube - SACRAMENTO BANDITS : 2 - UTAH ICE BEARS : 0. 6:05 of 1st period - Evgeni Malkin wins face-off versus Klim Kostin in neutral zone. 6:26 of 1st period - Shot by Danil Gushchin. 6:26 of 1st period - Stopped by Connor Ingram without a rebound. 6:27 of 1st period - Morgan Frost wins face-off versus Anthony Beauvillier in UTAH ICE BEARS zone. 6:42 of 1st period - Morgan Frost is hit by Anthony DeAngelo and loses puck. 6:53 of 1st period - Shot by Matias Maccelli. 6:53 of 1st period - Goal by Matias Maccelli - SACRAMENTO BANDITS : 2 - UTAH ICE BEARS : 1. 6:54 of 1st period - Evgeni Malkin wins face-off versus Dillon Dube in neutral zone. 7:18 of 1st period - Shot by Danil Gushchin. 7:18 of 1st period - Stopped by Connor Ingram without a rebound. 7:19 of 1st period - Blake Wheeler wins face-off versus Casey Mittelstadt in UTAH ICE BEARS zone. 7:23 of 1st period - Shot by Jakob Silfverberg. 7:23 of 1st period - Shot Misses the Net. 7:25 of 1st period - Shot by Jakob Silfverberg. 7:25 of 1st period - Deflect By Corey Perry. 7:25 of 1st period - Stopped by Connor Ingram without a rebound. 7:26 of 1st period - Casey Mittelstadt wins face-off versus Blake Wheeler in UTAH ICE BEARS zone. 8:12 of 1st period - Shot by Alexander Ovechkin. 8:12 of 1st period - Stopped by Matthew Murray without a rebound. 8:13 of 1st period - Anthony Beauvillier wins face-off versus Evgeni Malkin in SACRAMENTO BANDITS zone. 8:34 of 1st period - Shot by Dominik Kubalik. 8:34 of 1st period - Goal by Dominik Kubalik - SACRAMENTO BANDITS : 3 - UTAH ICE BEARS : 1. 8:35 of 1st period - Morgan Frost wins face-off versus Dillon Dube in neutral zone. 8:35 of 1st period - Jordan Eberle is hit by Klim Kostin and loses puck. 8:41 of 1st period - Kevin Bahl is hit by Radim Simek and loses puck. 8:45 of 1st period - Jordan Eberle is hit by Radim Simek and loses puck. 8:48 of 1st period - Shot by Jordan Eberle. 8:48 of 1st period - Deflect By Matias Maccelli. 8:48 of 1st period - Stopped by Matthew Murray without a rebound. 8:49 of 1st period - Anthony Beauvillier wins face-off versus Casey Mittelstadt in SACRAMENTO BANDITS zone. 9:07 of 1st period - Shot by Anthony Beauvillier. 9:07 of 1st period - Shot Misses the Net. 10:00 of 1st period - Shot by Matthew Tkachuk. 10:00 of 1st period - Deflect By Lucas Raymond. 10:00 of 1st period - Goal by Lucas Raymond - SACRAMENTO BANDITS : 3 - UTAH ICE BEARS : 2. 10:01 of 1st period - Dillon Dube wins face-off versus Morgan Frost in neutral zone. 10:44 of 1st period - Shot by Matias Maccelli. 10:44 of 1st period - Stopped by Matthew Murray without a rebound. 10:45 of 1st period - Blake Wheeler wins face-off versus Lucas Raymond in SACRAMENTO BANDITS zone. 11:57 of 1st period - Shot by Casey Mittelstadt. 11:57 of 1st period - Stopped by Matthew Murray with a rebound. 12:00 of 1st period - Icing by Anthony Beauvillier. 12:01 of 1st period - Matias Maccelli wins face-off versus Anthony Beauvillier in SACRAMENTO BANDITS zone. 12:10 of 1st period - Shot by Matthew Knies. 12:10 of 1st period - Stopped by Connor Ingram without a rebound. 12:11 of 1st period - Casey Mittelstadt wins face-off versus Dillon Dube in UTAH ICE BEARS zone. 12:32 of 1st period - Shot by Dillon Dube. 12:32 of 1st period - Stopped by Connor Ingram without a rebound. 12:33 of 1st period - Morgan Frost wins face-off versus Blake Wheeler in UTAH ICE BEARS zone. 12:33 of 1st period - Morgan Frost is hit by Corey Perry. 12:34 of 1st period - Minor Penalty to Corey Perry for Cross-checking. 12:35 of 1st period - Evgeni Malkin wins face-off versus Blake Wheeler in SACRAMENTO BANDITS zone. 13:04 of 1st period - Shot by Matthew Tkachuk. 13:04 of 1st period - Stopped by Matthew Murray without a rebound. 13:05 of 1st period - Blake Wheeler wins face-off versus Morgan Frost in SACRAMENTO BANDITS zone. 13:37 of 1st period - Casey Mittelstadt is hit by Antti Tuomisto. 14:26 of 1st period - Shot by Evgeni Malkin. 14:26 of 1st period - Shot Misses the Net. 14:28 of 1st period - Shot by Alexander Ovechkin. 14:28 of 1st period - Deflect By Matthew Tkachuk. 14:28 of 1st period - Stopped by Matthew Murray with a rebound. 14:30 of 1st period - Shot by Evgeni Malkin. 14:30 of 1st period - Goal by Evgeni Malkin - SACRAMENTO BANDITS : 3 - UTAH ICE BEARS : 3. 14:31 of 1st period - Matthew Beniers wins face-off versus Dillon Dube in neutral zone. 15:08 of 1st period - Shot by Luke Evangelista. 15:08 of 1st period - Stopped by Matthew Murray with a rebound. 15:23 of 1st period - Off-side. 15:24 of 1st period - Casey Mittelstadt wins face-off versus Fredrik Karlstrom in neutral zone. 15:26 of 1st period - Off-side. 15:27 of 1st period - Evgeni Malkin wins face-off versus Anthony Beauvillier in neutral zone. 15:55 of 1st period - Evgeni Malkin is hit by Radim Simek and loses puck. 16:38 of 1st period - Shot by Jakob Silfverberg. 16:38 of 1st period - Shot Blocked by Artem Zub. 16:40 of 1st period - Shot by Antti Tuomisto. 16:40 of 1st period - Shot Misses the Net. 16:42 of 1st period - Shot by Blake Wheeler. 16:42 of 1st period - Shot Misses the Net. 16:44 of 1st period - Shot by Blake Wheeler. 16:44 of 1st period - Shot Misses the Net. 16:52 of 1st period - Shot by Blake Wheeler. 16:52 of 1st period - Deflect By Jakob Silfverberg. 16:52 of 1st period - Shot Misses the Net. 16:54 of 1st period - Shot by Blake Wheeler. 16:54 of 1st period - Stopped by Connor Ingram with a rebound. 17:20 of 1st period - Shot by Dillon Dube. 17:20 of 1st period - Shot Blocked by Kevin Bahl. 18:46 of 1st period - Shot by Evgeni Malkin. 18:46 of 1st period - Shot Misses the Net. 19:21 of 1st period - Shot by Casey Mittelstadt. 19:21 of 1st period - Stopped by Matthew Murray with a rebound. 19:39 of 1st period - Shot by Casey Mittelstadt. 19:39 of 1st period - Stopped by Matthew Murray without a rebound. 19:40 of 1st period - Blake Wheeler wins face-off versus Morgan Frost in SACRAMENTO BANDITS zone. 19:40 of 1st period - Blake Wheeler is hit by Morgan Frost. Goals for this period are 3 for SACRAMENTO BANDITS vs 3 for UTAH ICE BEARS. Shots for this period are 9 for SACRAMENTO BANDITS vs 18 for UTAH ICE BEARS. 2nd period 0:01 of 2nd period - Blake Wheeler wins face-off versus John-Jason Peterka in neutral zone. 0:18 of 2nd period - John-Jason Peterka is hit by Jakob Silfverberg and loses puck. 0:19 of 2nd period - Minor Penalty to Blake Wheeler for Boarding. 0:20 of 2nd period - Evgeni Malkin wins face-off versus Jakob Silfverberg in SACRAMENTO BANDITS zone. 0:58 of 2nd period - Shot by Alexander Ovechkin. 0:58 of 2nd period - Stopped by Matthew Murray with a rebound. 1:02 of 2nd period - Shot by Kristopher Letang. 1:02 of 2nd period - Stopped by Matthew Murray without a rebound. 1:03 of 2nd period - Morgan Frost wins face-off versus Adam Gaudette in SACRAMENTO BANDITS zone. 2:16 of 2nd period - Shot by MacKenzie Weegar. 2:16 of 2nd period - Stopped by Matthew Murray with a rebound. 2:18 of 2nd period - Shot by Matthew Tkachuk. 2:18 of 2nd period - Shot Misses the Net. 2:20 of 2nd period - Shot by Matthew Beniers. 2:20 of 2nd period - Deflect By Andrew Mangiapane. 2:20 of 2nd period - Stopped by Matthew Murray with a rebound. 2:39 of 2nd period - Danil Gushchin is hit by Kevin Bahl and loses puck. 2:52 of 2nd period - Shot by Luke Evangelista. 2:52 of 2nd period - Stopped by Matthew Murray with a rebound. 2:54 of 2nd period - Shot by Andrew Mangiapane. 2:54 of 2nd period - Shot Misses the Net. 3:09 of 2nd period - Off-side. 3:10 of 2nd period - Casey Mittelstadt wins face-off versus Anthony Beauvillier in neutral zone. 3:17 of 2nd period - Shot by Alexander Ovechkin. 3:17 of 2nd period - Stopped by Matthew Murray without a rebound. 3:18 of 2nd period - Anthony Beauvillier wins face-off versus Alexander Ovechkin in SACRAMENTO BANDITS zone. 3:23 of 2nd period - Shot by Anthony Beauvillier. 3:23 of 2nd period - Stopped by Connor Ingram without a rebound. 3:24 of 2nd period - Casey Mittelstadt wins face-off versus Blake Wheeler in UTAH ICE BEARS zone. 4:02 of 2nd period - Shot by Alexander Ovechkin. 4:02 of 2nd period - Shot Misses the Net. 4:04 of 2nd period - Shot by Kristopher Letang. 4:04 of 2nd period - Deflect By Alexander Ovechkin. 4:04 of 2nd period - Shot Misses the Net. 4:06 of 2nd period - Shot by MacKenzie Weegar. 4:06 of 2nd period - Goal by MacKenzie Weegar - SACRAMENTO BANDITS : 3 - UTAH ICE BEARS : 4. 4:07 of 2nd period - Evgeni Malkin wins face-off versus Anthony Beauvillier in neutral zone. 4:07 of 2nd period - Evgeni Malkin is hit by Matthew Knies. 4:13 of 2nd period - Zach Bogosian is hit by Matthew Tkachuk. 4:22 of 2nd period - Icing by Evgeni Malkin. 4:23 of 2nd period - Evgeni Malkin wins face-off versus Dillon Dube in UTAH ICE BEARS zone. 4:50 of 2nd period - Shot by Evgeni Malkin. 4:50 of 2nd period - Goal by Evgeni Malkin - SACRAMENTO BANDITS : 3 - UTAH ICE BEARS : 5. 4:50 of 2nd period - Daniel Vladar enters game. 4:51 of 2nd period - Casey Mittelstadt wins face-off versus Anthony Beauvillier in neutral zone. 4:53 of 2nd p